[Event "DMP Ekstraliga 2020"]
[Site "Krakow"]
[Date "2020.08.30"]
[Round "5.14"]
[White "Bartel, Mateusz"]
[Black "Dziuba, Marcin"]
[Result "1/2-1/2"]
[ECO "B31"]
[WhiteElo "2643"]
[BlackElo "2590"]
[Annotator "ChessBase"]
[PlyCount "53"]
[EventDate "2020.08.26"]
[EventType "team-tourn"]
[EventCountry "POL"]
[SourceTitle "playchess.com"]
[Source "ChessBase"]
[SourceQuality "1"]
[WhiteTeam "Polonia Wroclaw"]
[BlackTeam "Wieza Pegow"]
[TimeControl "30/5400+30:1800+30"]

1. e4 c5 2. Nf3 Nc6 3. Bb5 g6 4. O-O Bg7 5. Re1 e5 6. a3 Nge7 7. b4 d6 8. c3 O-O 9. d3 a6 10. Bc4 b5 11. Bb3 cxb4 12. axb4 Bb7 13. Be3 h6 14. Nbd2 Kh7 15. d4 exd4 16. Nxd4 Rc8 17. N2f3 Ne5 18. Nxe5 dxe5 19. Ne2 Qc7 20. Bc5 Rfd8 21. Qc2 Ng8 22. Qa2 Rd7 23. Rad1 Rcd8 24. Rxd7 Rxd7 25. Ng3 Nf6 26. f3 Kg8 27. Qe2 1/2-1/2

[Event "DMP Ekstraliga 2020"]
[Site "Krakow"]
[Date "2020.08.30"]
[Round "5.15"]
[White "Hnydiuk, Aleksander"]
[Black "Gumularz, Szymon"]
[Result "0-1"]
[ECO "E62"]
[WhiteElo "2411"]
[BlackElo "2506"]
[Annotator "ChessBase"]
[PlyCount "63"]
[EventDate "2020.08.26"]
[EventType "team-tourn"]
[EventCountry "POL"]
[SourceTitle "playchess.com"]
[Source "ChessBase"]
[SourceQuality "1"]
[WhiteTeam "Wieza Pegow"]
[BlackTeam "Polonia Wroclaw"]
[TimeControl "30/5400+30:1800+30"]

1. Nf3 d6 2. d4 Nf6 3. c4 g6 4. g3 Bg7 5. Bg2 O-O 6. Nc3 Nc6 7. O-O e5 8. dxe5 dxe5 9. Bg5 Be6 10. Qa4 Qc8 11. Bxf6 Bxf6 12. Nd2 Bg7 13. Nde4 f5 14. Nc5 e4 15. Rfd1 Re8 16. Nd5 Ne5 17. Qb3 Bf7 18. Qxb7 Nxc4 19. Rac1 Nxb2 20. Rd2 Qxb7 21. Nxb7 Nd3 22. Rxc7 Bxd5 23. exd3 Rac8 24. Rd7 Rc1+ 25. Bf1 e3 26. fxe3 Bh6 27. Rxd5 Bxe3+ 28. Kg2 Bxd2 29. d4 Bb4 30. Bb5 Rc2+ 31. Kh3 Re1 32. g4 0-1

[Event "DMP Ekstraliga 2020"]
[Site "Krakow"]
[Date "2020.08.30"]
[Round "5.16"]
[White "Tazbir, Marcin"]
[Black "Zilka, Stepan"]
[Result "1/2-1/2"]
[ECO "A08"]
[WhiteElo "2510"]
[BlackElo "2564"]
[Annotator "ChessBase"]
[PlyCount "68"]
[EventDate "2020.08.26"]
[EventType "team-tourn"]
[EventCountry "POL"]
[SourceTitle "playchess.com"]
[Source "ChessBase"]
[SourceQuality "1"]
[WhiteTeam "Polonia Wroclaw"]
[BlackTeam "Wieza Pegow"]
[TimeControl "30/5400+30:1800+30"]

1. Nf3 d5 2. g3 c5 3. Bg2 Nc6 4. O-O e5 5. c4 d4 6. d3 Nf6 7. a3 a5 8. e3 Be7 9. exd4 exd4 10. Re1 O-O 11. Ne5 Nxe5 12. Rxe5 Bd6 13. Re1 Bg4 14. Bf3 Re8 15. Rxe8+ Qxe8 16. Bxg4 Nxg4 17. Qxg4 Qe1+ 18. Kg2 Qxc1 19. Qe2 Ra6 20. Qd2 Qxd2 21. Nxd2 f5 22. h4 a4 23. Rb1 Bc7 24. b3 axb3 25. Nxb3 Bd6 26. Ra1 Ra4 27. Nc1 h6 28. h5 b6 29. Kf3 Kf7 30. Ne2 Kf6 31. Nf4 Kg5 32. Ne6+ Kf6 33. Nf4 Kg5 34. Ne6+ Kf6 1/2-1/2

[Event "DMP Ekstraliga 2020"]
[Site "Krakow"]
[Date "2020.08.30"]
[Round "5.17"]
[White "Plat, Vojtech"]
[Black "Wieczorek, Oskar"]
[Result "0-1"]
[ECO "A48"]
[WhiteElo "2566"]
[BlackElo "2493"]
[Annotator "ChessBase"]
[PlyCount "90"]
[EventDate "2020.08.26"]
[EventType "team-tourn"]
[EventCountry "POL"]
[SourceTitle "playchess.com"]
[Source "ChessBase"]
[SourceQuality "1"]
[WhiteTeam "Wieza Pegow"]
[BlackTeam "Polonia Wroclaw"]
[TimeControl "30/5400+30:1800+30"]

1. d4 Nf6 2. Nf3 g6 3. c4 Bg7 4. g3 c5 5. Bg2 O-O 6. O-O cxd4 7. Nxd4 d5 8. cxd5 Nxd5 9. Nb5 Be6 10. Bxd5 Bxd5 11. N1c3 e6 12. Nxd5 exd5 13. Bf4 Nc6 14. Qd2 a6 15. Nc3 d4 16. Na4 Re8 17. Rfe1 Bf8 18. a3 b5 19. Rac1 Ne5 20. Rc5 Bxc5 21. Nxc5 Nc4 22. Qb4 Qd5 23. b3 Ne5 24. Bxe5 Rxe5 25. Nd3 a5 26. Qd2 Ree8 27. Rb1 Qe4 28. Rb2 Rec8 29. Nf4 Rc3 30. f3 Qe5 31. Kf2 Qe3+ 32. Qxe3 dxe3+ 33. Kf1 a4 34. bxa4 bxa4 35. Ra2 Rb8 36. Nd5 Rc1+ 37. Kg2 Rb3 38. f4 f5 39. Nb4 Rcc3 40. Nc2 Kf7 41. Kf3 Rb1 42. Nd4 Rd1 43. Nb5 Rb3 44. Na7 Rf1+ 45. Kg2 Rc1 0-1

[Event "DMP Ekstraliga 2020"]
[Site "Krakow"]
[Date "2020.08.30"]
[Round "5.18"]
[White "Zawadzka, Jolanta"]
[Black "Majdan, Joanna"]
[Result "1-0"]
[ECO "B32"]
[WhiteElo "2419"]
[BlackElo "2325"]
[Annotator "ChessBase"]
[PlyCount "67"]
[EventDate "2020.08.26"]
[EventType "team-tourn"]
[EventCountry "POL"]
[SourceTitle "playchess.com"]
[Source "ChessBase"]
[SourceQuality "1"]
[WhiteTeam "Polonia Wroclaw"]
[BlackTeam "Wieza Pegow"]
[TimeControl "30/5400+30:1800+30"]

1. e4 c5 2. Nf3 Nc6 3. d4 cxd4 4. Nxd4 e5 5. Nb5 d6 6. c4 Be7 7. N1c3 a6 8. Na3 Be6 9. Nc2 Rc8 10. Be2 Nf6 11. O-O O-O 12. Bd2 Nd4 13. Nxd4 exd4 14. Nd5 Bxd5 15. exd5 Qb6 16. Bd3 Rfe8 17. b3 Nd7 18. Bf5 Rcd8 19. Re1 g6 20. Bxd7 Rxd7 21. Re4 Rc8 22. Qe2 Qd8 23. Re1 Bf6 24. Qd3 Kg7 25. Bc1 b5 26. cxb5 Rc3 27. Qd2 Be5 28. bxa6 Rdc7 29. Qh6+ Kg8 30. Bd2 Rc2 31. Bg5 f6 32. f4 Rxa2 33. fxe5 Rcc2 34. exf6 1-0

[Event "DMP Ekstraliga 2020"]
[Site "Krakow"]
[Date "2020.08.30"]
[Round "5.19"]
[White "Golubka, Petro"]
[Black "Antoniewski, Rafal"]
[Result "1-0"]
[ECO "B40"]
[WhiteElo "2495"]
[BlackElo "2490"]
[Annotator "ChessBase"]
[PlyCount "126"]
[EventDate "2020.08.26"]
[EventType "team-tourn"]
[EventCountry "POL"]
[SourceTitle "playchess.com"]
[Source "ChessBase"]
[SourceQuality "1"]
[WhiteTeam "Hetman Plock"]
[BlackTeam "Wrzos Miedzyborow"]
[TimeControl "30/5400+30:1800+30"]

1. e4 c5 2. Nf3 e6 3. g3 Nc6 4. Bg2 Nf6 5. d3 d6 6. O-O Be7 7. Re1 O-O 8. c3 Bd7 9. Nbd2 Qc7 10. a3 b5 11. d4 e5 12. d5 Na5 13. b3 c4 14. b4 Nb7 15. Nh4 a5 16. Nf5 Bd8 17. Ne3 g6 18. Ndf1 Re8 19. Nc2 Qc8 20. Bg5 Be7 21. Qd2 Qd8 22. h4 Qb6 23. Nfe3 a4 24. Bf3 h5 25. Bxf6 Bxf6 26. Qe2 Bg7 27. Bxh5 gxh5 28. Qxh5 Qd8 29. Ng4 Bxg4 30. Qxg4 Kh7 31. Ne3 Bh6 32. Nf5 Qf6 33. Rad1 Rg8 34. Qh3 Rg6 35. Kf1 Rag8 36. Ke2 Qd8 37. Rg1 Qd7 38. g4 Bf4 39. g5 f6 40. Qf3 Kh8 41. Rg4 Qh7 42. Rdg1 Rf8 43. gxf6 Rfxf6 44. h5 Rxg4 45. Qxg4 Qf7 46. h6 Rxh6 47. Nxh6 Bxh6 48. Qe6 Qxe6 49. dxe6 Bf8 50. Rd1 Nd8 51. Rd5 Nxe6 52. Rxb5 Nf4+ 53. Kf3 Kg7 54. Ra5 Kf6 55. Rxa4 d5 56. Ra6+ Kg5 57. exd5 Nxd5 58. Rc6 Nxc3 59. Rxc4 Nb1 60. Rc8 Be7 61. b5 Bxa3 62. b6 Kf5 63. Rc6 Nd2+ 1-0

[Event "DMP Ekstraliga 2020"]
[Site "Krakow"]
[Date "2020.08.30"]
[Round "5.20"]
[White "Cyborowski, Lukasz"]
[Black "Pultinevicius, Paulius"]
[Result "1-0"]
[ECO "A10"]
[WhiteElo "2508"]
[BlackElo "2519"]
[Annotator "ChessBase"]
[PlyCount "97"]
[EventDate "2020.08.26"]
[EventType "team-tourn"]
[EventCountry "POL"]
[SourceTitle "playchess.com"]
[Source "ChessBase"]
[SourceQuality "1"]
[WhiteTeam "Wrzos Miedzyborow"]
[BlackTeam "Hetman Plock"]
[TimeControl "30/5400+30:1800+30"]

1. c4 g6 2. Nc3 c5 3. Nf3 Bg7 4. d4 cxd4 5. Nxd4 Nc6 6. e3 Nf6 7. Be2 O-O 8. O-O d5 9. cxd5 Nb4 10. Bf3 Nbxd5 11. Nxd5 Nxd5 12. Qb3 Nb6 13. Rd1 Bd7 14. a4 e5 15. Nb5 Qh4 16. e4 Be6 17. Qe3 Nc4 18. Qe1 Rfc8 19. b3 Nb6 20. Qe3 Bf8 21. Nd6 Rc2 22. a5 Nd7 23. Ba3 Bh6 24. Qe1 Nf6 25. Rd3 b6 26. a6 Nd7 27. Bd1 Rc6 28. b4 Bf8 29. b5 Rc7 30. g3 Qf6 31. Rf3 Qg7 32. Rc3 Rxc3 33. Qxc3 Qf6 34. Rc1 Bh3 35. Qc7 Rd8 36. Be2 Be7 37. Bf1 Bxf1 38. Rxf1 Nf8 39. Qxa7 Ne6 40. Qxb6 Nd4 41. Bc5 Bxd6 42. a7 Nf3+ 43. Kg2 Nd2 44. Bxd6 Nc4 45. Qc6 Nxd6 46. a8=Q Rxa8 47. Qxa8+ Kg7 48. Qc6 Qe7 49. Rd1 1-0

[Event "DMP Ekstraliga 2020"]
[Site "Krakow"]
[Date "2020.08.30"]
[Round "5.21"]
[White "Warakomski, Tomasz"]
[Black "Nurkiewicz, Maciej"]
[Result "1/2-1/2"]
[ECO "B90"]
[WhiteElo "2515"]
[BlackElo "2326"]
[Annotator "ChessBase"]
[PlyCount "117"]
[EventDate "2020.08.26"]
[EventType "team-tourn"]
[EventCountry "POL"]
[SourceTitle "playchess.com"]
[Source "ChessBase"]
[SourceQuality "1"]
[WhiteTeam "Hetman Plock"]
[BlackTeam "Wrzos Miedzyborow"]
[TimeControl "30/5400+30:1800+30"]

1. e4 c5 2. Nf3 d6 3. d4 cxd4 4. Nxd4 Nf6 5. Nc3 a6 6. Bd3 e5 7. Nde2 Be7 8. O-O O-O 9. a4 b6 10. f4 Nbd7 11. Ng3 Nc5 12. Bc4 Bb7 13. Qe2 b5 14. axb5 axb5 15. Rxa8 Bxa8 16. Nxb5 Ncxe4 17. Nxe4 Nxe4 18. fxe5 dxe5 19. Be3 Bg5 20. Bxg5 Qxg5 21. Nc7 Nf6 22. Nxa8 Rxa8 23. Qd3 e4 24. Qd4 Re8 25. Be2 h5 26. h3 Nd5 27. Qf2 Re7 28. c4 Ne3 29. h4 Qh6 30. Ra1 f5 31. c5 f4 32. Ra6 g6 33. Rf6 Nf5 34. Qe1 f3 35. Bc4+ Kg7 36. Re6 Qf4 37. Rxe7+ Nxe7 38. gxf3 e3 39. Bd3 Nd5 40. Be4 Nf6 41. c6 Nxe4 42. fxe4 Qg4+ 43. Kf1 Qf3+ 44. Kg1 Qg4+ 45. Kh2 Qxe4 46. c7 Qc2+ 47. Kg1 Kh7 48. Qxe3 Qxc7 49. b4 Qd7 50. Qe4 Qd1+ 51. Kf2 Qd2+ 52. Kf3 Qc3+ 53. Kf4 Qf6+ 54. Ke3 Qc3+ 55. Ke2 Qb2+ 56. Kd1 Qb3+ 57. Ke2 Qb2+ 58. Kf1 Qc1+ 59. Ke2 1/2-1/2

[Event "DMP Ekstraliga 2020"]
[Site "Krakow"]
[Date "2020.08.30"]
[Round "5.23"]
[White "Sabuk, Piotr"]
[Black "Sliwerski, Radoslaw"]
[Result "1-0"]
[ECO "E04"]
[WhiteElo "2377"]
[BlackElo "2042"]
[Annotator "ChessBase"]
[PlyCount "67"]
[EventDate "2020.08.26"]
[EventType "team-tourn"]
[EventCountry "POL"]
[SourceTitle "playchess.com"]
[Source "ChessBase"]
[SourceQuality "1"]
[WhiteTeam "Hetman Plock"]
[BlackTeam "Wrzos Miedzyborow"]
[TimeControl "30/5400+30:1800+30"]

1. d4 Nf6 2. c4 e6 3. g3 d5 4. Nf3 dxc4 5. Bg2 c5 6. O-O Nc6 7. dxc5 Qxd1 8. Rxd1 Bxc5 9. Nbd2 c3 10. bxc3 O-O 11. Ne1 Rd8 12. Nd3 Be7 13. Rb1 Nd5 14. Bb2 f5 15. Nb3 Bf6 16. c4 Nde7 17. Ba3 Kf7 18. Bxe7 Kxe7 19. Bxc6 bxc6 20. Na5 Kd6 21. Nb7+ Bxb7 22. Rxb7 Re8 23. c5+ Kd5 24. Nb4+ Kxc5 25. Na6+ Kc4 26. Rb4+ Kc3 27. Rd3+ Kc2 28. Rc4+ Kb2 29. Rb3+ Ka1 30. Nb4 Bb2 31. Rc2 a5 32. Nd3 Bf6 33. Rc1+ Kxa2 34. Rcb1 1-0

[Event "DMP Ekstraliga 2020"]
[Site "Krakow"]
[Date "2020.08.30"]
[Round "5.24"]
[White "Kulon, Klaudia"]
[Black "Bulmaga, Irina"]
[Result "1/2-1/2"]
[ECO "A45"]
[WhiteElo "2336"]
[BlackElo "2434"]
[Annotator "ChessBase"]
[PlyCount "91"]
[EventDate "2020.08.26"]
[EventType "team-tourn"]
[EventCountry "POL"]
[SourceTitle "playchess.com"]
[Source "ChessBase"]
[SourceQuality "1"]
[WhiteTeam "Wrzos Miedzyborow"]
[BlackTeam "Hetman Plock"]
[TimeControl "30/5400+30:1800+30"]

1. d4 Nf6 2. Bg5 d5 3. Bxf6 exf6 4. e3 g6 5. g3 c6 6. Bg2 h5 7. Nf3 Be6 8. O-O Nd7 9. Nbd2 Be7 10. Qe2 f5 11. c4 h4 12. b3 Kf8 13. Ne1 Bd6 14. Nd3 Qf6 15. cxd5 cxd5 16. Nf4 Bxf4 17. exf4 hxg3 18. hxg3 g5 19. fxg5 Qxg5 20. Nf3 Qg4 21. Qe3 f4 22. Qxf4 Qxf4 23. gxf4 Ke7 24. Rfe1 Kf6 25. Rac1 Rac8 26. Ng5 Rc6 27. Bf1 Rhc8 28. Rxc6 Rxc6 29. Bb5 Rc7 30. Kg2 Nb8 31. Bd3 Nc6 32. Nh7+ Kg7 33. f5 Kxh7 34. fxe6+ Kg7 35. exf7 Rxf7 36. Re6 Rf6 37. Re8 Rd6 38. Bb5 Nxd4 39. Re7+ Kf6 40. Rxb7 Nxb5 41. Rxb5 Ke5 42. Kf1 Kd4 43. Ke2 Re6+ 44. Kd2 Rf6 45. Ke2 Re6+ 46. Kd2 1/2-1/2

[Event "DMP Ekstraliga 2020"]
[Site "Krakow"]
[Date "2020.08.30"]
[Round "5.26"]
[White "Gajewski, Grzegorz"]
[Black "Teclaf, Pawel"]
[Result "1/2-1/2"]
[ECO "D85"]
[WhiteElo "2616"]
[BlackElo "2454"]
[Annotator "ChessBase"]
[PlyCount "67"]
[EventDate "2020.08.26"]
[EventType "team-tourn"]
[EventCountry "POL"]
[SourceTitle "playchess.com"]
[Source "ChessBase"]
[SourceQuality "1"]
[WhiteTeam "HETMAN Katowice"]
[BlackTeam "UKS 21 Podlesie"]
[TimeControl "30/5400+30:1800+30"]

1. d4 Nf6 2. c4 g6 3. Nc3 d5 4. cxd5 Nxd5 5. e4 Nxc3 6. bxc3 Bg7 7. Nf3 c5 8. Rb1 O-O 9. Be2 b6 10. O-O Bb7 11. d5 Bxc3 12. h4 Qd6 13. Rb3 Bf6 14. e5 Bxe5 15. Nxe5 Qxe5 16. Bf3 Qd4 17. Qe2 Qxh4 18. Bb2 Nd7 19. Re3 Rfe8 20. Re1 Rad8 21. Qd2 Nf6 22. g3 Qg5 23. Qc3 Rd7 24. Re5 Qh6 25. Kg2 Kf8 26. Rxe7 Rexe7 27. Rxe7 Rxe7 28. Qxf6 Ke8 29. Qd6 f5 30. Bf6 Qf8 31. Bg5 Kf7 32. Qf6+ Ke8 33. Qd6 Kf7 34. Qf6+ 1/2-1/2

[Event "DMP Ekstraliga 2020"]
[Site "Krakow"]
[Date "2020.08.30"]
[Round "5.27"]
[White "Barski, Radoslaw"]
[Black "Socko, Bartosz"]
[Result "1/2-1/2"]
[ECO "D20"]
[WhiteElo "2444"]
[BlackElo "2601"]
[Annotator "ChessBase"]
[PlyCount "65"]
[EventDate "2020.08.26"]
[EventType "team-tourn"]
[EventCountry "POL"]
[SourceTitle "playchess.com"]
[Source "ChessBase"]
[SourceQuality "1"]
[WhiteTeam "UKS 21 Podlesie"]
[BlackTeam "HETMAN Katowice"]
[TimeControl "30/5400+30:1800+30"]

1. d4 d5 2. c4 dxc4 3. e4 Nf6 4. e5 Nd5 5. Bxc4 Bf5 6. Nc3 Nxc3 7. bxc3 e6 8. Qf3 c6 9. Ne2 Be7 10. O-O Nd7 11. Bb3 Qc7 12. Ng3 Bg6 13. Qe2 Bh4 14. Ba3 Bxg3 15. hxg3 c5 16. d5 O-O-O 17. f4 c4 18. Qxc4 Qxc4 19. Bxc4 Nb6 20. Be2 Nxd5 21. Kf2 Be4 22. Rfc1 f5 23. c4 Nc7 24. Bd6 Rd7 25. a4 g5 26. fxg5 Rg8 27. Rh1 Rxg5 28. Rh6 Rdg7 29. Ra3 Kd7 30. Bxc7 Kxc7 31. Rxe6 R5g6 32. Rxg6 hxg6 33. Ke3 1/2-1/2

[Event "DMP Ekstraliga 2020"]
[Site "Krakow"]
[Date "2020.08.30"]
[Round "5.28"]
[White "Miton, Kamil"]
[Black "Kosakowski, Jakub"]
[Result "0-1"]
[ECO "E62"]
[WhiteElo "2590"]
[BlackElo "2418"]
[Annotator "ChessBase"]
[PlyCount "78"]
[EventDate "2020.08.26"]
[EventType "team-tourn"]
[EventCountry "POL"]
[SourceTitle "playchess.com"]
[Source "ChessBase"]
[SourceQuality "1"]
[WhiteTeam "HETMAN Katowice"]
[BlackTeam "UKS 21 Podlesie"]
[TimeControl "30/5400+30:1800+30"]

1. c4 Nf6 2. g3 g6 3. Bg2 Bg7 4. d4 O-O 5. Nc3 d6 6. Nf3 Nc6 7. O-O Rb8 8. h3 a6 9. e4 b5 10. cxb5 axb5 11. Re1 Nd7 12. Bg5 h6 13. Be3 b4 14. Na4 Bb7 15. Rc1 e6 16. Qc2 Ne7 17. Nd2 Bc6 18. b3 Rb7 19. Nc4 Qa8 20. Ncb2 Rbb8 21. Qd2 Kh7 22. Nd3 Rfc8 23. Rxc6 Qxc6 24. Nxb4 Qb5 25. Nc2 Nb6 26. Bf1 Qd7 27. Nc3 c5 28. Ba6 cxd4 29. Nxd4 Rd8 30. Bb5 Qc8 31. a4 d5 32. e5 Bxe5 33. Rc1 Qb7 34. a5 Nbc8 35. a6 Qa8 36. Nce2 Na7 37. Ba4 Rbc8 38. Rxc8 Qxc8 39. Qa5 Rd6 0-1

[Event "DMP Ekstraliga 2020"]
[Site "Krakow"]
[Date "2020.08.30"]
[Round "5.29"]
[White "Dzierzak, Radoslaw"]
[Black "Sadzikowski, Daniel"]
[Result "0-1"]
[ECO "C91"]
[WhiteElo "2276"]
[BlackElo "2522"]
[Annotator "ChessBase"]
[PlyCount "66"]
[EventDate "2020.08.26"]
[EventType "team-tourn"]
[EventCountry "POL"]
[SourceTitle "playchess.com"]
[Source "ChessBase"]
[SourceQuality "1"]
[WhiteTeam "UKS 21 Podlesie"]
[BlackTeam "HETMAN Katowice"]
[WhiteTeamCountry "POL"]
[TimeControl "30/5400+30:1800+30"]

1. e4 e5 2. Nf3 Nc6 3. Bb5 a6 4. Ba4 Nf6 5. O-O Be7 6. Re1 b5 7. Bb3 d6 8. c3 O-O 9. d4 Bg4 10. d5 Na5 11. Bc2 Qc8 12. h3 Bd7 13. Nbd2 c6 14. dxc6 Qxc6 15. Nf1 Rfc8 16. Ng3 Rab8 17. a3 g6 18. Nh2 Nc4 19. Ng4 Nxg4 20. hxg4 a5 21. b3 Nb6 22. Re3 d5 23. Rd3 d4 24. Bb2 a4 25. Bb1 Nc4 26. bxc4 bxc4 27. Rd2 Bg5 28. Re2 d3 29. Bxd3 Bxg4 30. f3 cxd3 31. Qxd3 Be6 32. Bc1 Bc4 33. Qc2 Bh4 0-1

[Event "DMP Ekstraliga 2020"]
[Site "Krakow"]
[Date "2020.08.30"]
[Round "5.30"]
[White "Socko, Monika"]
[Black "Sliwicka, Alicja"]
[Result "1-0"]
[ECO "D94"]
[WhiteElo "2428"]
[BlackElo "2317"]
[Annotator "ChessBase"]
[PlyCount "127"]
[EventDate "2020.08.26"]
[EventType "team-tourn"]
[EventCountry "POL"]
[SourceTitle "playchess.com"]
[Source "ChessBase"]
[SourceQuality "1"]
[WhiteTeam "HETMAN Katowice"]
[BlackTeam "UKS 21 Podlesie"]
[TimeControl "30/5400+30:1800+30"]

1. c4 Nf6 2. Nc3 d5 3. d4 g6 4. Nf3 Bg7 5. e3 O-O 6. b4 b6 7. Bb2 c5 8. b5 cxd4 9. exd4 Bb7 10. Qb3 dxc4 11. Bxc4 Bxf3 12. gxf3 Bh6 13. Ne4 Nbd7 14. O-O Nh5 15. Rad1 Rc8 16. Kh1 Qc7 17. Bd5 Ndf6 18. Bc6 Bf4 19. Ng3 Rcd8 20. Rfe1 Bd6 21. d5 Qc8 22. Qc4 Qh3 23. Qf1 Qc8 24. Rd4 Bc5 25. Qc4 Ng7 26. Rh4 Nf5 27. Rf4 Nxg3+ 28. fxg3 Nh5 29. Qc3 f6 30. Rh4 Ng7 31. Kg2 Rf7 32. Rc4 Bd6 33. Be8 Qb8 34. Bxf7+ Kxf7 35. Qe3 Qb7 36. Rc6 h5 37. Ba3 Bxa3 38. Qxa3 Rxd5 39. Qb3 Qd7 40. Rd1 e6 41. Rxd5 exd5 42. Qb4 Ne8 43. Qd4 Qf5 44. a4 g5 45. g4 hxg4 46. Qxg4 Qe5 47. Qd7+ Kg6 48. Qe6 Qb2+ 49. Kh3 Ng7 50. Qxd5 Qa1 51. Qe4+ Kh6 52. Kg2 Nh5 53. h4 Nf4+ 54. Kh2 Qa2+ 55. Qc2 Qa1 56. Rc7 Ng6 57. hxg5+ fxg5 58. Rc6 Qe5+ 59. Kg2 Qe8 60. Qe4 Qf7 61. Qe6 Qxe6 62. Rxe6 Kh5 63. Kg3 Nh4 64. Rf6 1-0

[Event "DMP Ekstraliga 2020"]
[Site "Krakow"]
[Date "2020.08.31"]
[Round "6.3"]
[White "Piorun, Kacper"]
[Black "Socko, Bartosz"]
[Result "1-0"]
[ECO "B30"]
[WhiteElo "2596"]
[BlackElo "2601"]
[Annotator "ChessBase"]
[PlyCount "117"]
[EventDate "2020.08.26"]
[EventType "team-tourn"]
[EventCountry "POL"]
[SourceTitle "playchess.com"]
[Source "ChessBase"]
[SourceQuality "1"]
[WhiteTeam "Stilon Gorzow"]
[BlackTeam "HETMAN Katowice"]
[WhiteTeamCountry "POL"]
[TimeControl "30/5400+30:1800+30"]

1. e4 c5 2. Nf3 Nc6 3. Bb5 d6 4. O-O Bd7 5. c3 Nf6 6. Re1 a6 7. Ba4 b5 8. Bc2 Bg4 9. a4 e5 10. h3 Bxf3 11. Qxf3 Be7 12. d3 O-O 13. Nd2 Nd7 14. Nf1 Rb8 15. axb5 axb5 16. Bb3 Bg5 17. Bxg5 Qxg5 18. Ra6 Rb6 19. Rea1 Rxa6 20. Rxa6 Ncb8 21. Ra5 b4 22. Ne3 g6 23. Ra7 bxc3 24. bxc3 Kh8 25. Qg4 Qd8 26. h4 Qb6 27. Ra3 Nf6 28. Qg5 Nbd7 29. Nc4 Qb8 30. Ne3 Ng8 31. h5 Ndf6 32. hxg6 fxg6 33. g3 Nh5 34. Qg4 Ngf6 35. Qe6 Re8 36. Qf7 Rf8 37. Qa7 Qc8 38. Qe7 Qb8 39. Nc4 d5 40. exd5 Nxd5 41. Qxc5 Nxc3 42. Nxe5 Ne2+ 43. Kg2 Qb7+ 44. f3 Rf5 45. Qe3 Nexg3 46. Nxg6+ Kg7 47. Ra7 Qxa7 48. Qxa7+ Kxg6 49. Bg8 Rf6 50. Bxh7+ Kh6 51. Be4 Ne2 52. Kf2 Nef4 53. d4 Ne6 54. Qh7+ Kg5 55. d5 Nc5 56. Ke3 Nxe4 57. fxe4 Rf1 58. Qe7+ Kg4 59. d6 1-0

[Event "DMP Ekstraliga 2020"]
[Site "Krakow"]
[Date "2020.08.31"]
[Round "6.4"]
[White "Miton, Kamil"]
[Black "Krasenkow, Michal"]
[Result "1/2-1/2"]
[ECO "B31"]
[WhiteElo "2590"]
[BlackElo "2605"]
[Annotator "ChessBase"]
[PlyCount "102"]
[EventDate "2020.08.26"]
[EventType "team-tourn"]
[EventCountry "POL"]
[SourceTitle "playchess.com"]
[Source "ChessBase"]
[SourceQuality "1"]
[WhiteTeam "HETMAN Katowice"]
[BlackTeam "Stilon Gorzow"]
[TimeControl "30/5400+30:1800+30"]

1. e4 c5 2. Nf3 Nc6 3. Bb5 g6 4. O-O Bg7 5. Nc3 e5 6. Bc4 h6 7. a3 Nge7 8. b4 d6 9. bxc5 dxc5 10. d3 O-O 11. Rb1 Kh7 12. Re1 b6 13. Nd5 Bb7 14. Bb2 Nd4 15. Nxe7 Qxe7 16. Bd5 Nxf3+ 17. Qxf3 b5 18. Qe3 f5 19. Ba1 f4 20. Qf3 b4 21. c3 a5 22. axb4 axb4 23. cxb4 cxb4 24. h3 Rfb8 25. Bb2 Ra5 26. Bb3 Qd6 27. Ra1 Rba8 28. Rxa5 Rxa5 29. Rc1 Ra8 30. Bc4 Bf6 31. Bb3 Rb8 32. Qd1 Rc8 33. Rxc8 Bxc8 34. Bc4 Be6 35. Qb3 Bxc4 36. Qxc4 h5 37. Kf1 g5 38. Ke2 g4 39. hxg4 hxg4 40. Qf7+ Kh6 41. Bc1 Bg5 42. Bd2 Qe7 43. Qxe7 Bxe7 44. Bc1 Kg5 45. Bb2 Bd6 46. d4 exd4 47. Bxd4 b3 48. Kd3 f3 49. gxf3 gxf3 50. e5 Ba3 51. Ke4 b2 1/2-1/2

[Event "DMP Ekstraliga 2020"]
[Site "Krakow"]
[Date "2020.08.31"]
[Round "6.5"]
[White "Janik, Igor"]
[Black "Sadzikowski, Daniel"]
[Result "1/2-1/2"]
[ECO "C95"]
[WhiteElo "2471"]
[BlackElo "2522"]
[Annotator "ChessBase"]
[PlyCount "93"]
[EventDate "2020.08.26"]
[EventType "team-tourn"]
[EventCountry "POL"]
[SourceTitle "playchess.com"]
[Source "ChessBase"]
[SourceQuality "1"]
[WhiteTeam "Stilon Gorzow"]
[BlackTeam "HETMAN Katowice"]
[TimeControl "30/5400+30:1800+30"]

1. e4 e5 2. Nf3 Nc6 3. Bb5 a6 4. Ba4 Nf6 5. O-O Be7 6. Re1 b5 7. Bb3 d6 8. c3 O-O 9. h3 Nb8 10. d4 Nbd7 11. Nh4 Nb6 12. dxe5 Nxe4 13. Rxe4 d5 14. Rg4 Bxg4 15. Qxg4 Bxh4 16. Bh6 g6 17. Bxf8 Kxf8 18. Nd2 Be7 19. Nf3 Qc8 20. Qf4 c5 21. Re1 Qe6 22. Bd1 Kg7 23. b4 h6 24. bxc5 Bxc5 25. Nd4 Bxd4 26. Qxd4 Kh7 27. Bg4 f5 28. Be2 Rc8 29. g4 Na4 30. gxf5 gxf5 31. Bd3 Nc5 32. Kh2 Nxd3 33. Qxd3 Rc4 34. Qe3 Re4 35. Qa7+ Kg6 36. Rg1+ Kh5 37. f4 Rxf4 38. Qe3 Re4 39. Qf3+ Kh4 40. Qg3+ Kh5 41. Qf3+ Kh4 42. Qg3+ Kh5 43. Kh1 b4 44. cxb4 d4 45. Qf3+ Kh4 46. Qg3+ Kh5 47. Qf3+ 1/2-1/2

[Event "DMP Ekstraliga 2020"]
[Site "Krakow"]
[Date "2020.08.31"]
[Round "6.6"]
[White "Socko, Monika"]
[Black "Antolak, Julia"]
[Result "1/2-1/2"]
[ECO "A22"]
[WhiteElo "2428"]
[BlackElo "2323"]
[Annotator "ChessBase"]
[PlyCount "87"]
[EventDate "2020.08.26"]
[EventType "team-tourn"]
[EventCountry "POL"]
[SourceTitle "playchess.com"]
[Source "ChessBase"]
[SourceQuality "1"]
[WhiteTeam "HETMAN Katowice"]
[BlackTeam "Stilon Gorzow"]
[TimeControl "30/5400+30:1800+30"]

1. c4 e5 2. Nc3 Nf6 3. g3 d5 4. cxd5 Nxd5 5. Bg2 Nb6 6. d3 Be7 7. Be3 O-O 8. Rc1 Re8 9. a3 c6 10. Nf3 Bf8 11. O-O N8d7 12. Qb3 Nf6 13. Ng5 Be6 14. Nxe6 Rxe6 15. a4 Nfd5 16. a5 Nxe3 17. fxe3 Nd7 18. Ne4 Nf6 19. Qxb7 Rb8 20. Qxa7 Rxb2 21. Nxf6+ gxf6 22. Rb1 Rxe2 23. Be4 Ra2 24. a6 Qa5 25. Rfd1 Qa4 26. d4 Qxa6 27. Bxh7+ Kg7 28. Qxa6 Rxa6 29. Bd3 Ra7 30. Bc4 Rd6 31. d5 cxd5 32. Bxd5 Rad7 33. Bf3 Rxd1+ 34. Rxd1 Rxd1+ 35. Bxd1 Bc5 36. Kf2 f5 37. Kf3 Kf6 38. Bb3 Bb6 39. h3 Bc5 40. Bd5 e4+ 41. Ke2 Kg6 42. g4 fxg4 43. hxg4 Kg5 44. Bxe4 1/2-1/2